AoeStats
← 摆烂pia

Black Forest

505430834Analyzed
4v4 RM · 23d ago on Sep 9, 2026· 61m 4s· 8 players
Game mode
Random Map
Map size
Large (8 player)
Population
200
Speed
Normal
Resources
Standard
Victory
Conquest
Starting age
Dark Age
Ending age
Imperial Age
RankedLock teamsTeams togetherTeam positionsShared explorationLock speedFull tech treeHidden civsTurbo modeCheats
Victory
Defeat
1510
+12
🇨🇳 Japanese · China
1502
+24
🇦🇷 Khmer · Argentina
1429
+16
🇨🇳 Persians · China
1384
+17
🇯🇵 Lithuanians · Japan
1471
-16
🇺🇿 Goths · Uzbekistan
1432
-15
🇦🇷 Bengalis · Argentina
1401
-14
🇲🇽 Aztecs · Mexico
1390
-13
摆烂pia
10:59 Feudal Age
15:39 Castle Age
14:04 Horse Collar
14:13 Double-Bit Axe
16:43 Bow Saw
18:08 Fishing Lines
19:33 Gillnets
22:30 Horse Collar
24:16 Wheelbarrow
24:32 Heavy Plow
25:49 Gold Mining
26:36 Hand Cart
29:50 Imperial Age
27:06 Loom
27:31 Scale Barding Armor
27:37 Forging
28:29 Gold Shaft Mining
28:40 Chain Barding Armor
28:31 Forging
29:06 Bloodlines
28:56 Husbandry
30:46 Plate Barding Armor
30:01 Cavalier
31:29 Iron Casting
31:34 Heavy Camel Rider
34:24 Blast Furnace
36:52 Chemistry
37:36 Conscription
39:26 Two-Man Saw
38:59 Crop Rotation
38:14 Pikeman
38:59 Scale Mail Armor
39:02 Halberdier
39:42 Squires
41:17 Chain Mail Armor
41:57 Savar
43:39 Plate Mail Armor
42:49 Savar
43:34 Light Cavalry
51:37 Caravan
51:26 Capped Ram
53:28 Padded Archer Armor
54:32 Leather Archer Armor
57:10 Ring Archer Armor
58:05 Hussar
KanA
11:52 Feudal Age
15:18 Castle Age
14:09 Double-Bit Axe
14:05 Horse Collar
14:16 Gold Mining
17:17 Loom
18:07 Wheelbarrow
17:18 Town Watch
19:05 Bow Saw
19:10 Heavy Plow
20:42 Stone Mining
24:40 Hand Cart
29:36 Imperial Age
28:58 Gold Shaft Mining
28:22 Fletching
28:40 Padded Archer Armor
29:33 Bodkin Arrow
29:54 Leather Archer Armor
30:00 Ballistics
29:36 Murder Holes
29:55 Elite Ballista Elephant
30:51 Bloodlines
30:42 Husbandry
31:40 Bracer
33:17 Ring Archer Armor
33:09 Town Patrol
33:16 Scale Barding Armor
33:37 Conscription
34:04 Coinage
33:45 Double Crossbow
33:18 Sappers
35:18 Chain Barding Armor
35:01 Tusk Swords
36:46 Chemistry
36:47 Plate Barding Armor
35:34 Light Cavalry
37:06 Banking
36:37 Caravan
37:26 Masonry
37:27 Forging
38:50 Hoardings
41:54 Iron Casting
42:59 Light Cavalry
59:45 Blast Furnace
59:18 Architecture
58:53 Siege Engineers
58:52 Scale Mail Armor
摆烂pia
0:40 Loom
12:05 Feudal Age
12:23 Man-at-Arms
12:49 Arson
18:38 Double-Bit Axe
19:05 Horse Collar
22:12 Castle Age
21:44 Wheelbarrow
23:42 Stone Mining
23:49 Fletching
23:47 Fishing Lines
24:27 Bodkin Arrow
24:19 Town Watch
24:51 Bow Saw
25:29 Heavy Plow
26:54 Long Swordsman
31:59 Scale Mail Armor
32:09 Forging
34:31 Gold Mining
34:57 Yasama
37:52 Guard Tower
38:40 Murder Holes
39:13 Masonry
39:26 Ballistics
41:43 Imperial Age
40:58 Treadmill Crane
42:36 Bracer
43:38 Chemistry
42:46 Siege Engineers
50:07 Caravan
50:50 Redemption
53:48 Bracer
58:46 Hoardings
59:34 Chemistry
58:21 Arrowslits
59:11 Keep
61:11 Thumb Ring
60:26 Elite Skirmisher
61:09 Padded Archer Armor
遥かに仰ぎ,麗しの
11:10 Feudal Age
11:53 Loom
15:46 Castle Age
13:52 Double-Bit Axe
17:55 Bow Saw
18:23 Horse Collar
26:55 Wheelbarrow
27:25 Gold Mining
28:55 Gold Shaft Mining
32:06 Imperial Age
29:22 Town Watch
31:14 Heavy Plow
31:28 Scale Barding Armor
31:33 Forging
33:02 Padded Archer Armor
33:41 Stone Mining
34:26 Gold Shaft Mining
34:42 Leather Archer Armor
36:45 Artillery
37:05 Conscription
38:41 Bloodlines
38:31 Husbandry
42:45 Ring Archer Armor
44:17 Chain Barding Armor
44:33 Iron Casting
44:36 Caravan
46:05 Fletching
46:51 Plate Barding Armor
46:47 Ballistics
47:15 Bodkin Arrow
48:40 Murder Holes
49:55 Bracer
52:36 Guilds
59:29 Heavy Camel Rider
Moctezama
0:48 Loom
12:34 Feudal Age
20:05 Castle Age
21:11 Scale Mail Armor
21:18 Double-Bit Axe
27:05 Chain Mail Armor
34:12 Sanctity
36:30 Redemption
38:43 Gold Mining
44:11 Imperial Age
43:41 Forging
47:27 Block Printing
48:19 Plate Mail Armor
48:24 Iron Casting
49:56 Conscription
50:58 Garland Wars
52:12 Squires
55:21 Wheelbarrow
54:55 Capped Ram
59:32 Block Printing
59:34 Fervor
[BadStart] The Shadow
0:51 Loom
9:48 Feudal Age
10:05 Man-at-Arms
13:52 Fletching
24:09 Castle Age
22:31 Double-Bit Axe
23:37 Gold Mining
23:29 Horse Collar
25:10 Bow Saw
25:55 Redemption
26:43 Sanctity
27:40 Heavy Plow
28:20 Gold Shaft Mining
33:04 Wheelbarrow
32:17 Fishing Lines
36:03 Imperial Age
34:58 Fervor
34:56 Stone Mining
36:41 Hand Cart
37:00 Block Printing
37:24 Theocracy
37:25 Conscription
37:13 Bodkin Arrow
37:18 Padded Archer Armor
38:46 Ballistics
39:44 Bracer
40:00 Leather Archer Armor
40:47 Chemistry
41:09 Two-Man Saw
40:41 Crop Rotation
40:34 Elite Elephant Archer
42:04 Illumination
42:17 Ring Archer Armor
41:48 Husbandry
41:59 Bloodlines
41:34 Light Cavalry
42:21 Scale Barding Armor
42:40 Elite Skirmisher
45:44 Fortified Wall
48:31 Caravan
49:02 Coinage
49:32 Illumination
50:18 Masonry
54:11 Scale Barding Armor
54:06 Scale Mail Armor
54:16 Forging
54:37 Ring Archer Armor
54:16 Siege Engineers
55:18 Chain Barding Armor
56:24 Onager
57:31 Onager
59:13 Plate Barding Armor
59:30 Mahayana
58:57 Onager
fumisaiji
11:35 Feudal Age
15:21 Castle Age
13:34 Double-Bit Axe
17:58 Bow Saw
17:42 Horse Collar
20:32 Wheelbarrow
19:44 Town Watch
22:30 Fishing Lines
22:51 Loom
24:16 Heavy Plow
25:25 Hand Cart
25:28 Gold Mining
25:28 Stone Mining
26:11 Gillnets
29:56 Imperial Age
28:01 Scale Barding Armor
28:06 Forging
28:31 Forging
28:33 Bloodlines
28:23 Husbandry
29:19 Chain Barding Armor
30:31 Iron Casting
31:15 Plate Barding Armor
30:02 Cavalier
31:56 Chemistry
31:17 Ballistics
32:37 Paladin
33:21 Fletching
33:33 Squires
33:18 Arson
33:35 Scale Mail Armor
33:11 Pikeman
35:33 Bombard Tower
35:23 Masonry
34:54 Treadmill Crane
36:06 Bodkin Arrow
36:33 Conscription
35:38 Elite Leitis
35:52 Halberdier
37:26 Chain Mail Armor
37:12 Bracer
38:17 Padded Archer Armor
41:22 Caravan
42:26 Architecture
41:53 Murder Holes
44:33 Conscription
44:48 Hoardings
45:45 Light Cavalry
49:29 Onager
49:33 Winged Hussar
52:43 Leather Archer Armor
52:50 Capped Ram
54:32 Elite Skirmisher
55:53 Ring Archer Armor
55:25 Tower Shields
57:50 Two-Man Saw
58:26 Coinage
karbid
0:27 Loom
10:32 Feudal Age
16:36 Castle Age
16:52 Wheelbarrow
16:46 Fishing Lines
20:59 Hand Cart
22:50 Squires
24:26 Scale Mail Armor
26:36 Double-Bit Axe
29:08 Forging
29:19 Chain Mail Armor
30:45 Iron Casting
30:27 Horse Collar
31:00 Bow Saw
31:38 Anarchy
35:31 Imperial Age
33:43 Heavy Plow
33:09 Pikeman
34:25 Caravan
35:19 Town Watch
35:29 Gold Mining
36:07 Elite Huskarl
38:15 Blast Furnace
39:35 Perfusion
44:41 Fletching
45:45 Murder Holes
46:01 Masonry
46:49 Ballistics
48:21 Architecture
52:16 Halberdier
Connection lost

Rejoining the realm…

Still unreachable

The connection could not be restored.

Session expired

The server has moved on; the page needs a fresh start.